 Dungeon Crawl Stone Soup version 0.25.1-4-g9407a263a5 (webtiles) character file.

Game seed: 14183943336977723585

103 Gabide the Poker (level 5, -4/41 HPs)
             Began as a Human Monk on Nov 27, 2020.
             Slain by Crazy Yiuf
             ... wielding a +3 quarterstaff of chaos
              (8 damage)
             ... on level 2 of the Dungeon.
             The game lasted 00:05:16 (2922 turns).

Gabide the Poker (Human Monk)                       Turns: 2922, Time: 00:05:18

Health: -4/41      AC:  6    Str: 13    XL:     5   Next: 6%
Magic:  5/5        EV: 17    Int: 10    God:
Gold:   182        SH:  0    Dex: 21    Spells: 4/4 levels left

rFire    + . .     SeeInvis .   a - +0 spear
rCold    + . .     Gourm    .   (no shield)
rNeg     . . .     Faith    .   j - +0 ring mail
rPois    +         Spirit   .   (no helmet)
rElec    +         Reflect  .   (no cloak)
rCorr    +         Harm     .   f - +0 pair of gloves
MR       .....                  (no boots)
Stlth    ++........             (no amulet)
HPRegen  0.13/turn              k - +6 ring of dexterity
MPRegen  0.09/turn              (no ring)

@: agile, lethally poisoned (-4 -> -8), resistant, hasted, very quick
A: no striking features
a: no special abilities


You were on level 2 of the Dungeon.
You were very hungry.

You visited 1 branch of the dungeon, and saw 2 of its levels.

You collected 182 gold pieces.

Inventory:

Hand Weapons
 a - a +0 spear (weapon)
Missiles
 e - 62 stones
 i - 5 boomerangs (quivered)
Armour
 b - a +0 robe
 d - a +0 tower shield
 f - a +0 pair of gloves (worn)
 j - a +0 ring mail (worn)
Jewellery
 k - a +6 ring of dexterity (left hand)
Scrolls
 n - a scroll of blinking {unknown}
 o - a scroll of remove curse {unknown}
 q - a scroll of teleportation {unknown}
Potions
 g - 2 potions of haste
 h - a potion of resistance
 l - a potion of degeneration {unknown}
 m - a potion of brilliance {unknown}
 p - a potion of curing {unknown}
Comestibles
 c - 2 rations


   Skills:
 + Level 3.4 Fighting
 * Level 4.3 Polearms
 * Level 0.4 Throwing
 * Level 0.7 Armour
 + Level 3.4 Dodging
 - Level 2.3 Stealth


You had 4 spell levels left.
You didn't know any spells.
Your spell library was empty.

Dungeon Overview and Level Annotations

Branches:
Dungeon (2/15)

Altars:
Kikubaaqudgha
Vehumet

Annotations:
D:2 Crazy Yiuf, Robin


Message History

Crazy Yiuf burns you.
* * * LOW HITPOINT WARNING * * *
You bump into the rock wall.
You're too confused!
Crazy Yiuf whimpers, "Gum!
Ten broken arm."
You bump into the rock wall.
Crazy Yiuf hits you with a +3 quarterstaff of chaos.
* * * LOW HITPOINT WARNING * * *
You are lethally poisoned!
You're too confused to move!
* * * LOW HITPOINT WARNING * * *
You feel sick.
You bump into the rock wall.
Crazy Yiuf hits you but does no damage.
It was a potion of resistance.
You feel protected.
You feel less confused.
* * * LOW HITPOINT WARNING * * *
You feel sick.
Crazy Yiuf cries, "Key!
Mugger pontify sing."
Crazy Yiuf hits you with a +3 quarterstaff of chaos!
You die...

..>.........###.#
#.## ......#####.#
#.# #..# ......'.#
### ### ##.#
#.#...### #.#
..'...# #.##
#.#[..# ###
####..# ..#####
#)..### ##.....#
..#
#...'g####......#
..#######
#...##@.#......##
..##....# ###
###.#....##
#.##....# ########
........#
........##########
.................#
...............).#
.................#
.................#


You could see Crazy Yiuf.

Vanquished Creatures
  3 adders (D:2)
  2 oozes
  A worm (D:2)
  3 dart slugs
  3 leopard geckos (D:2)
  7 bats
  6 giant cockroaches
  5 goblins
  12 hobgoblins
  3 jackals (D:1)
  A frilled lizard (D:1)
  A kobold (D:2)
  4 rats
  A withered plant (D:2)
52 creatures vanquished.

Notes
Turn   | Place    | Note
-------+----------+-------------------------------------------
     0 | D:1      | Gabide the Human Monk began the quest for the Orb.
     0 | D:1      | Reached XP level 1. HP: 18/18 MP: 1/1
   222 | D:1      | Reached XP level 2. HP: 24/24 MP: 2/2
   643 | D:1      | Reached XP level 3. HP: 29/29 MP: 3/3
  1872 | D:2      | Reached XP level 4. HP: 35/35 MP: 4/4
  1990 | D:2      | Found an ancient bone altar of Kikubaaqudgha.
  2054 | D:2      | Reached skill level 4 in Polearms
  2484 | D:2      | Noticed Robin
  2665 | D:2      | Reached XP level 5. HP: 38/41 MP: 5/5
  2730 | D:2      | Found a runed translucent door.
  2731 | D:2      | Noticed Crazy Yiuf
  2818 | D:2      | Found a radiant altar of Vehumet.
  2922 | D:2      | Slain by Crazy Yiuf

Illustrated notes

Levels and vault maps discovered:
D:1:      dpeg_arrival_circle_labyrinth_a, layout_basic, nrook_loot_triangle,
          chequers_big_river, st_stairs_8
D:2:      layout_basic, nicolae_overflow_hidden_temple,
          kiku_gazebo_garden_becter, uniq_crazy_yiuf_cottage, uniq_robin

Skill      XL: |  1  2  3  4 |
---------------+-------------+-----
Polearms       | 4 |  4.3
Fighting       | |  3.4
Throwing       | |  0.4
Armour         | |  0.7
Dodging        | |  3.4
Stealth        | |  2.3

Action                   |  1- 3 |  4- 6 || total
-------------------------+-------+-------++-------
Melee: Spear             |    96 |   125 ||   221
Throw: Stone             |    18 |       ||    18
       Boomerang         |       |     2 ||     2
  Use: Scroll            |     1 |       ||     1
       Potion            |       |     2 ||     2
 Stab: Sleeping          |     7 |     2 ||     9
       Distracted        |       |     2 ||     2
  Eat: Chunk             |     1 |     1 ||     2
       Ration            |     1 |       ||     1
Armor: Robe              |    10 |       ||    10
       Ring mail         |     5 |    15 ||    20
Dodge: Dodged            |    33 |    27 ||    60
